 Dungeon Crawl Stone Soup version 0.18-a0-1211-g828307d (webtiles) character file.

56 ololoev the Firebug (level 3, 0/19 HPs)
             Began as a Deep Elf Fire Elementalist on Feb 2, 2016.
             Slain by an orc (2 damage)
             ... on level 3 of the Dungeon.
             The game lasted 00:02:39 (581 turns).

ololoev the Firebug (Deep Elf Fire Elementalist)     Turns: 581, Time: 00:02:39

Health: 0/19       AC:  2    Str:  5    XL:     3   Next: 71%
Magic:  3/10       EV: 13    Int: 20    God:
Gold:   68         SH:  0    Dex: 15    Spells: 1 memorised, 8 levels left

rFire  . . .     SeeInvis .     a - +0 short sword (venom)
rCold  . . .     Gourm    .     k - +0 robe
rNeg   . . .     Faith    .     (no shield)
rPois  .         Spirit   .     (no helmet)
rElec  .         Dismiss  .     (no cloak)
rCorr  .         Reflect  .     (no gloves)
SustAt .         Harm     .     (no boots)
MR     .....                    (no amulet)
Stlth  ++........               (no ring)
                                (no ring)

@: very slightly contaminated, not resistant to hostile enchantments, unstealthy
A: no striking features
a: no special abilities

Inventory:

Hand Weapons
 a - a +0 short sword of venom (weapon)
Armour
 k - a +0 robe (worn)
Scrolls
 d - 2 scrolls of fog {unknown}
 j - a scroll of random uselessness {unknown}
 l - a scroll of remove curse {unknown}
Potions
 e - 2 potions of poison {unknown}
 f - a potion of ambrosia {unknown}
 g - a potion of resistance {unknown}
 h - a potion of heal wounds {unknown}
Books
 b - a book of Flames

   Spells                             Type                      Level
   a - Flame Tongue                   Conjuration/Fire             1
   b - Throw Flame                    Conjuration/Fire             2
   c - Conjure Flame                  Conjuration/Fire             3
   d - Inner Flame                    Hexes/Fire                   3
   e - Sticky Flame                   Conjuration/Fire             4
   f - Fireball                       Conjuration/Fire             5
Comestibles
 c - 2 bread rations


   Skills:
 - Level 2.4 Dodging
 - Level 2.4 Stealth
 + Level 3.8 Spellcasting
 * Level 2.8 Conjurations
 + Level 3.8 Fire Magic


You had 8 spell levels left.
You knew the following spells:

 Your Spells              Type           Power        Failure   Level  Hunger
a - Flame Tongue          Conj/Fire      ###..        3%          1    None


You were on level 3 of the Dungeon.
You were not hungry.

You visited 1 branch of the dungeon, and saw 4 of its levels.

You collected 68 gold pieces.

#.....##.....##....[...
###>........########.#.
##........# .#
....#.....###### #
.##.#...(....... .
#.#.#..#####.# #
#.#.##.# .#
##...##>####..##.
........@r$.o.=..
.......(oo#####.
##.####.### ... #(# #..
###

Notes
Turn   | Place    | Note
--------------------------------------------------------------
     0 | D:1      | ololoev the Deep Elf Fire Elementalist began the quest for the Orb.
     0 | D:1      | Reached XP level 1. HP: 10/10 MP: 6/6
   339 | D:3      | Reached XP level 2. HP: 12/15 MP: 0/8
   387 | D:2      | Noticed Ijyb
   412 | D:2      | Killed Ijyb
   412 | D:2      | Reached XP level 3. HP: 6/19 MP: 7/10
   446 | D:2      | Found a sparkling altar of Nemelex Xobeh.
   506 | D:4      | Found an ancient bone altar of Kikubaaqudgha.
   581 | D:3      | Slain by an orc

Dungeon Overview and Level Annotations

Branches:
Dungeon (4/15)
 Temple: D:4-7

Altars:
Kikubaaqudgha
Nemelex Xobeh


Message History

Aiming: Flame Tongue
Press: ? - help, Shift-Dir - straight line, f - orc
Aim: an orc, wearing a ring mail The flame tongue hits the orc.
The orc is heavily wounded.
The orc shouts!
You completely miss the orc.
The orc is heavily wounded.
The orc misses you.
You hit the orc but do no damage.
The orc is poisoned.
The orc is heavily wounded.
The orc hits you.
Casting: Flame Tongue
Confirm with . or Enter, or press ? or * to list all spells.
Aiming: Flame Tongue
Press: ? - help, Shift-Dir - straight line, f/p - orc
Aim: an orc, wearing a ring mail (severely wounded, poisoned)
The flame tongue hits the orc.
You kill the orc!
Casting: Flame Tongue
Confirm with . or Enter, or press ? or * to list all spells.
Aiming: Flame Tongue
Press: ? - help, Shift-Dir - straight line, f - rat
Aim: a rat You miscast Flame Tongue.
Your skin tingles.
The rat bites you but does no damage.
Casting: Flame Tongue
Confirm with . or Enter, or press ? or * to list all spells.
Aiming: Flame Tongue
Press: ? - help, Shift-Dir - straight line, f/p - rat
Aim: a rat The flame tongue misses the rat.
The flame tongue hits the orc.
The orc is lightly wounded.
The rat bites you.
An orc comes into view. It is wielding a club.
You barely miss the rat. The rat misses you. The orc hits you with a hand axe.
The orc closely misses you. The rat bites you. The orc hits you.
You die...

You could see 3 orcs and a rat.

Vanquished Creatures
  Ijyb (D:2)
  An adder (D:3)
  An ooze (D:2)
  A giant gecko (D:3)
  3 orcs
  A giant cockroach (D:1)
  A giant newt (D:2)
  3 goblins
  2 kobolds
  A rat (D:3)
15 creatures vanquished.

Action                   || total
-------------------------++-------
Melee: Short sword       ||    19
 Cast: Flame Tongue      ||    23
 Stab: Sleeping          ||     2

Vault maps used:
D:1:      minmay_arrival_nine_rooms
D:2:      forest_paths, first_bread, nemelex_dance_club_becter, uniq_iyjb,
          uniq_jessica
D:3:      lemuel_doored_altar, uniq_natasha
D:4:      nicolae_overflow_crystal_walls, serial_shops, shop,
          minmay_close_crescents
